MWL (24 & UNDER)
WISCONSIN RAPIDS RANGERS @ BARRY'S BAY ORIOLES
08/08/2025
 
TOP OF THE 1ST
Wisconsin Rapids Rangers batting - Pitching for Barry's Bay Orioles : RHP Ramón Marerro
Pitching: RHP Ramón Marerro
Batting: RHB Troy Reed 0-0: Ball
1-0: Ball
2-0: Foul Ball, location: 2F
2-1: Called Strike
2-2: Strikes out swinging
Batting: LHB Ramón Córdova 0-0: Foul Ball, location: 2F
0-1: Foul Ball, location: 2F
0-2: Ball
1-2: Strikes out looking
Batting: RHB Dick Slagboom 0-0: Called Strike
0-1: Ball
1-1: Ball
2-1: Ball
3-1: Foul Ball, location: 2F
3-2: Strikes out swinging
Top of the 1st over - 0 run(s), 0 hit(s), 0 error(s), 0 left on base; Wisconsin Rapids 0 - Barry's Bay 0
BOTTOM OF THE 1ST
Barry's Bay Orioles batting - Pitching for Wisconsin Rapids Rangers : LHP Manuel Perea
Pitching: LHP Manuel Perea
Batting: SHB Walt Simmons 0-0: Ball
1-0: Ball
2-0: Ground out 6-3 (Groundball, 6)
Batting: RHB Félix Quintero 0-0: Called Strike
0-1: Ball
1-1: SINGLE (Line Drive, 7LS)
Batting: RHB Sergio Solíz 0-0: Ball
1-0: Ball
2-0: Ball
3-0: Base on Balls
Félix Quintero to second
Batting: RHB Jeremy Flemming 0-0: SINGLE (Groundball, 25) (infield hit)
Félix Quintero to third
Sergio Solíz to second
Batting: LHB José Rodríguez 0-0: Called Strike
0-1: Called Strike
0-2: Ball
1-2: Strikes out swinging
Batting: RHB Jesús Villalobos 0-0: Called Strike
0-1: Foul Ball, location: 2F
0-2: Ball
1-2: Ground out 5-3 (Groundball, 5)
Bottom of the 1st over - 0 run(s), 2 hit(s), 0 error(s), 3 left on base; Wisconsin Rapids 0 - Barry's Bay 0
TOP OF THE 2ND
Wisconsin Rapids Rangers batting - Pitching for Barry's Bay Orioles : RHP Ramón Marerro
Batting: SHB Ricardo Arévalo 0-0: SINGLE (Line Drive, 4D)
Batting: LHB George Smith 0-0: Ball
1-0: Called Strike
1-1: Foul Ball, location: 2F
1-2: Foul Ball, location: 2F
1-2: Foul Ball, location: 2F
1-2: Ball
2-2: Strikes out swinging
Batting: RHB Paul Richard 0-0: Called Strike
0-1: Ball
1-1: Ball
2-1: SINGLE (Flyball, 8RS)
Ricardo Arévalo to second
Batting: RHB Andrés Bustamante 0-0: Called Strike
0-1: Foul Ball, location: 2F
0-2: Ball
1-2: Ball
2-2: Foul Ball, location: 2F
2-2: Foul Ball, location: 2F
2-2: Fly out, F4 (Line Drive, 4)
Batting: RHB Robert Acosta 0-0: Ball
1-0: Ball
2-0: Ground out 5-3 (Groundball, 5S)
Top of the 2nd over - 0 run(s), 2 hit(s), 0 error(s), 2 left on base; Wisconsin Rapids 0 - Barry's Bay 0
BOTTOM OF THE 2ND
Barry's Bay Orioles batting - Pitching for Wisconsin Rapids Rangers : LHP Manuel Perea
Batting: RHB Tommy Wilson 0-0: Ball
1-0: Foul Ball, location: 2F
1-1: Swinging Strike
1-2: Ball
2-2: Ball
3-2: Strikes out swinging
Batting: LHB Howard Evans 0-0: Foul Ball, location: 2F
0-1: Ball
1-1: Foul Ball, location: 2F
1-2: Ball
2-2: Ball
3-2: Strikes out swinging
Batting: LHB Carlos Romero 0-0: Ground out 6-3 (Groundball, 6)
Bottom of the 2nd over - 0 run(s), 0 hit(s), 0 error(s), 0 left on base; Wisconsin Rapids 0 - Barry's Bay 0
TOP OF THE 3RD
Wisconsin Rapids Rangers batting - Pitching for Barry's Bay Orioles : RHP Ramón Marerro
Batting: RHB Juan García 0-0: Swinging Strike
0-1: Swinging Strike
0-2: Ball
1-2: Ball
2-2: Strikes out swinging
Batting: RHB Troy Reed 0-0: Called Strike
0-1: Called Strike
0-2: Ball
1-2: SINGLE (Line Drive, 3D)
Batting: LHB Ramón Córdova 0-0: Ball
1-0: Ball
2-0: Ball
3-0: Called Strike
3-1: Fly out, F7 (Flyball, 7LD)
Batting: RHB Dick Slagboom 0-0: Called Strike
Troy Reed steals 2nd base
0-1: Swinging Strike
0-2: Ball
1-2: Strikes out swinging
Top of the 3rd over - 0 run(s), 1 hit(s), 0 error(s), 1 left on base; Wisconsin Rapids 0 - Barry's Bay 0
BOTTOM OF THE 3RD
Barry's Bay Orioles batting - Pitching for Wisconsin Rapids Rangers : LHP Manuel Perea
Batting: SHB Walt Simmons 0-0: Ball
1-0: Ball
2-0: Ball
3-0: Base on Balls
Batting: RHB Félix Quintero 0-0: Ball
1-0: Foul Ball, location: 2F
1-1: SINGLE (Groundball, 56)
Walt Simmons to second
Batting: RHB Sergio Solíz 0-0: Called Strike
0-1: Foul Ball, location: 2F
0-2: Ball
1-2: Ball
2-2: Strikes out swinging
Batting: RHB Jeremy Flemming 0-0: Called Strike
0-1: Foul Ball, location: 2F
0-2: Ball
1-2: Strikes out swinging
Batting: LHB José Rodríguez 0-0: Ball
1-0: Ball
2-0: Called Strike
2-1: Foul Ball, location: 2F
2-2: SINGLE (Line Drive, 89M)
Walt Simmons to third
Félix Quintero to second
Runner from 3rd tries for Home, throw and OUT!
Bottom of the 3rd over - 0 run(s), 2 hit(s), 0 error(s), 2 left on base; Wisconsin Rapids 0 - Barry's Bay 0
TOP OF THE 4TH
Wisconsin Rapids Rangers batting - Pitching for Barry's Bay Orioles : RHP Ramón Marerro
Batting: SHB Ricardo Arévalo 0-0: Called Strike
0-1: Swinging Strike
0-2: Strikes out looking
Batting: LHB George Smith 0-0: Ball
1-0: Called Strike
1-1: Ball
2-1: Foul Ball, location: 2F
2-2: Ground out U3 (Groundball, 3S)
Batting: RHB Paul Richard 0-0: Ball
1-0: Ball
2-0: Called Strike
2-1: Foul Ball, location: 2F
2-2: Strikes out swinging
Top of the 4th over - 0 run(s), 0 hit(s), 0 error(s), 0 left on base; Wisconsin Rapids 0 - Barry's Bay 0
BOTTOM OF THE 4TH
Barry's Bay Orioles batting - Pitching for Wisconsin Rapids Rangers : LHP Manuel Perea
Batting: RHB Jesús Villalobos 0-0: Called Strike
0-1: Swinging Strike
0-2: Strikes out looking
Batting: RHB Tommy Wilson 0-0: Ball
1-0: Foul Ball, location: 2F
1-1: Swinging Strike
1-2: Strikes out swinging
Batting: LHB Howard Evans 0-0: Ball
1-0: Hit by Pitch
Batting: LHB Carlos Romero 0-0: Ball
1-0: Ball
2-0: Called Strike
2-1: Fly out, F7 (Flyball, 7S)
Bottom of the 4th over - 0 run(s), 0 hit(s), 0 error(s), 1 left on base; Wisconsin Rapids 0 - Barry's Bay 0
TOP OF THE 5TH
Wisconsin Rapids Rangers batting - Pitching for Barry's Bay Orioles : RHP Ramón Marerro
Batting: RHB Andrés Bustamante 0-0: Called Strike
0-1: Ball
1-1: DOUBLE (Flyball, 89M)
Batting: RHB Robert Acosta 0-0: Intentional Walk
Batting: RHB Juan García 0-0: Ball
1-0: Called Strike
1-1: Foul Ball, location: 2F
1-2: Strikes out swinging
Batting: RHB Troy Reed 0-0: Called Strike
0-1: Called Strike
0-2: Ball
1-2: Ball
2-2: SINGLE (Line Drive, 4M)
Andrés Bustamante to third
Robert Acosta to second
Batting: LHB Ramón Córdova 0-0: Foul Ball, location: 2F
0-1: Foul Ball, location: 2F
0-2: Ball
1-2: Strikes out swinging
Pitching: RHP Ben Hepworth
Batting: RHB Dick Slagboom 0-0: Called Strike
0-1: Foul Ball, location: 2F
0-2: Ball
1-2: DOUBLE (Groundball, 5L)
Andrés Bustamante scores
Robert Acosta scores
Troy Reed to third
Runner from 3rd tries for Home, SAFE, no throw or cutoff
Batting: SHB Ricardo Arévalo 0-0: Ball
1-0: Swinging Strike
1-1: Foul Ball, location: 2F
1-2: Fly out, F6 (Popup, 6MD)
Top of the 5th over - 3 run(s), 3 hit(s), 0 error(s), 1 left on base; Wisconsin Rapids 3 - Barry's Bay 0
BOTTOM OF THE 5TH
Barry's Bay Orioles batting - Pitching for Wisconsin Rapids Rangers : LHP Manuel Perea
Batting: SHB Walt Simmons 0-0: Fly out, F9 (Flyball, 9M)
Batting: RHB Félix Quintero 0-0: Ball
1-0: Ball
2-0: Fly out, F2 (Popup, 2RF)
Batting: RHB Sergio Solíz 0-0: Called Strike
0-1: Ground out 1-3 (Groundball, 13S)
Bottom of the 5th over - 0 run(s), 0 hit(s), 0 error(s), 0 left on base; Wisconsin Rapids 3 - Barry's Bay 0
TOP OF THE 6TH
Wisconsin Rapids Rangers batting - Pitching for Barry's Bay Orioles : RHP Ben Hepworth
Batting: LHB George Smith 0-0: Ball
1-0: Ball
2-0: Fly out, F8 (Flyball, 89M)
Batting: RHB Paul Richard 0-0: Ball
1-0: Foul Ball, location: 2F
1-1: Fly out, F7 (Flyball, 78M)
Batting: RHB Andrés Bustamante 0-0: Foul Ball, location: 2F
0-1: SINGLE (Line Drive, 4MD)
Batting: RHB Robert Acosta 0-0: Ball
1-0: Foul Ball, location: 2F
1-1: Called Strike
1-2: Strikes out looking
Top of the 6th over - 0 run(s), 1 hit(s), 0 error(s), 1 left on base; Wisconsin Rapids 3 - Barry's Bay 0
BOTTOM OF THE 6TH
Barry's Bay Orioles batting - Pitching for Wisconsin Rapids Rangers : LHP Manuel Perea
Batting: RHB Jeremy Flemming 0-0: Ground out 6-3 (Groundball, 6)
Batting: LHB José Rodríguez 0-0: Called Strike
0-1: Ball
1-1: Ball
2-1: SINGLE (Line Drive, 4)
Batting: RHB Jesús Villalobos 0-0: Foul Ball, location: 2F
0-1: Ball
1-1: Called Strike
1-2: Fly out, F6 (Popup, 6D)
Batting: RHB Tommy Wilson 0-0: Called Strike
0-1: Ball
1-1: Ball
2-1: Foul Ball, location: 2F
2-2: Fly out, F9 (Flyball, 89S)
Bottom of the 6th over - 0 run(s), 1 hit(s), 0 error(s), 1 left on base; Wisconsin Rapids 3 - Barry's Bay 0
TOP OF THE 7TH
Wisconsin Rapids Rangers batting - Pitching for Barry's Bay Orioles : RHP Ben Hepworth
Batting: RHB Juan García 0-0: Ball
1-0: Called Strike
1-1: Foul Ball, location: 2F
1-2: Strikes out looking
Batting: RHB Troy Reed 0-0: SINGLE (Flyball, 9S)
Batting: LHB Ramón Córdova 0-0: Ball
1-0: Ball
2-0: Ball
3-0: Called Strike
3-1: Called Strike
3-2: Foul Ball, location: 2F
3-2: Strikes out looking
Troy Reed steals 2nd base
Batter strikes out.
Batting: RHB Dick Slagboom 0-0: Ball
1-0: Foul Ball, location: 2F
1-1: Called Strike
1-2: SINGLE (Flyball, 89S)
Troy Reed to third
Runner from 3rd tries for Home, SAFE, no throw or cutoff
Batting: SHB Ricardo Arévalo 0-0: Ball
1-0: Ground out 1-3 (Groundball, 13)
Top of the 7th over - 1 run(s), 2 hit(s), 0 error(s), 1 left on base; Wisconsin Rapids 4 - Barry's Bay 0
BOTTOM OF THE 7TH
Barry's Bay Orioles batting - Pitching for Wisconsin Rapids Rangers : LHP Manuel Perea
Pitching: RHP Carl Willis
Batting: LHB Howard Evans 0-0: Called Strike
0-1: Ball
1-1: Ground out 4-3 (Groundball, 34)
Batting: LHB Carlos Romero 0-0: Called Strike
0-1: Ball
1-1: Called Strike
1-2: Strikes out swinging
Batting: SHB Walt Simmons 0-0: Fly out, F7 (Flyball, 7M)
Bottom of the 7th over - 0 run(s), 0 hit(s), 0 error(s), 0 left on base; Wisconsin Rapids 4 - Barry's Bay 0
TOP OF THE 8TH
Wisconsin Rapids Rangers batting - Pitching for Barry's Bay Orioles : RHP Ben Hepworth
Pitching: RHP Tim Osborne
Batting: LHB George Smith 0-0: Ball
1-0: Called Strike
1-1: Swinging Strike
1-2: SOLO HOME RUN (Flyball, 9LD), Distance : 311 ft
Batting: RHB Paul Richard 0-0: Ball
1-0: Foul Ball, location: 2F
1-1: Fly out, F9 (Flyball, 9D)
Batting: RHB Andrés Bustamante 0-0: Called Strike
0-1: Ball
1-1: Foul Ball, location: 2F
1-2: Ball
2-2: Ball
3-2: Base on Balls
Batting: RHB Robert Acosta 0-0: Ball
1-0: Fly out, F8 (Flyball, 8RS)
Batting: RHB Juan García 0-0: Called Strike
0-1: Foul Ball, location: 2F
0-2: Strikes out swinging
Top of the 8th over - 1 run(s), 1 hit(s), 0 error(s), 1 left on base; Wisconsin Rapids 5 - Barry's Bay 0
BOTTOM OF THE 8TH
Barry's Bay Orioles batting - Pitching for Wisconsin Rapids Rangers : RHP Carl Willis
Now at 3B: José González
Batting: RHB Félix Quintero 0-0: Called Strike
0-1: Ground out 4-3 (Groundball, 4M)
Batting: RHB Sergio Solíz 0-0: Ball
1-0: Swinging Strike
1-1: Ball
2-1: Swinging Strike
2-2: Strikes out swinging
Batting: RHB Jeremy Flemming 0-0: Called Strike
0-1: Called Strike
0-2: Ball
1-2: Ball
2-2: Ball
3-2: Ground out 5-3 (Groundball, 56)
Bottom of the 8th over - 0 run(s), 0 hit(s), 0 error(s), 0 left on base; Wisconsin Rapids 5 - Barry's Bay 0
TOP OF THE 9TH
Wisconsin Rapids Rangers batting - Pitching for Barry's Bay Orioles : RHP Tim Osborne
Batting: RHB Troy Reed 0-0: Ball
1-0: Called Strike
1-1: Called Strike
1-2: Strikes out swinging
Batting: LHB Ramón Córdova 0-0: Fly out, F7 (Flyball, 7LM)
Batting: RHB Dick Slagboom 0-0: Ball
1-0: Ball
2-0: Called Strike
2-1: Swinging Strike
2-2: Ball
3-2: Foul Ball, location: 2F
3-2: Strikes out swinging
Top of the 9th over - 0 run(s), 0 hit(s), 0 error(s), 0 left on base; Wisconsin Rapids 5 - Barry's Bay 0
BOTTOM OF THE 9TH
Barry's Bay Orioles batting - Pitching for Wisconsin Rapids Rangers : RHP Carl Willis
Batting: LHB José Rodríguez 0-0: Ball
1-0: Ball
2-0: Called Strike
2-1: Called Strike
2-2: Ball
3-2: Strikes out swinging
Batting: RHB Jesús Villalobos 0-0: Ball
1-0: Ball
2-0: Swinging Strike
2-1: Foul Ball, location: 2F
2-2: Ball
3-2: Base on Balls
Batting: RHB Tommy Wilson 0-0: Foul Ball, location: 2F
0-1: Ball
1-1: Called Strike
1-2: Foul Ball, location: 2F
1-2: Ball
2-2: Ball
3-2: Foul Ball, location: 2F
3-2: Base on Balls
Jesús Villalobos to second
Batting: LHB Howard Evans 0-0: Ball
1-0: Ball
2-0: Swinging Strike
2-1: Ball
3-1: Foul Ball, location: 2F
3-2: Strikes out swinging
Tommy Wilson is caught stealing 2nd base
Batter strikes out.
Bottom of the 9th over - 0 run(s), 0 hit(s), 0 error(s), 1 left on base; Wisconsin Rapids 5 - Barry's Bay 0
This league is powered by Out of the Park Baseball, the baseball management simulation game for PC, Mac and Linux
Tuesday, August 2nd, 2016 - OOTP Baseball 16.8 Build 38